 Dungeon Crawl Stone Soup version 0.20.1-1-g8b1a95d (webtiles) character file.

88 Jukra the Charmwright (level 4, -4/34 HPs)
             Began as a Demonspawn Skald on Sept 14, 2017.
             Slain by an orc
             ... wielding a cursed +0 flail
              (5 damage)
             ... on level 3 of the Dungeon.
             The game lasted 00:10:28 (2760 turns).

Jukra the Charmwright (Demonspawn Skald)            Turns: 2760, Time: 00:10:29

Health: -4/34      AC:  6    Str: 11    XL:     4   Next: 30%
Magic:  0/7        EV: 10    Int: 15    God:
Gold:   94         SH:  0    Dex: 13    Spells: 6/7 levels left

rFire    . . .     SeeInvis .   a - +0 spear
rCold    . . .     Gourm    .   (no shield)
rNeg     . . .     Faith    .   g - +0 ring mail
rPois    .         Spirit   +   (no helmet)
rElec    .         Reflect  .   o - +0 cloak
rCorr    .         Harm     .   (no gloves)
MR       .....                  (no boots)
Stlth    ++........             (no amulet)
Regen    0.2/turn               j - ring of stealth
MPRegen  0.2/turn               (no ring)

@: lethally poisoned (-4 -> -4), infused (expiring), heavily drained
A: magic shield, magic regeneration
a: no special abilities


You were on level 3 of the Dungeon.
You were not hungry.

You visited 1 branch of the dungeon, and saw 3 of its levels.

You collected 94 gold pieces.

Inventory:

Hand Weapons
 a - a +0 spear (weapon)
Armour
 g - a +0 ring mail (worn)
 o - a +0 cloak (worn)
Jewellery
 j - a ring of stealth (left hand)
 m - an uncursed amulet of harm
 q - an uncursed ring of stealth
Scrolls
 i - 3 scrolls of identify {unknown}
 k - a scroll of amnesia {unknown}
 l - 4 scrolls of teleportation {unknown}
 n - a scroll of magic mapping {unknown}
Potions
 e - 3 potions of magic {unknown}
 h - 2 potions of heal wounds {unknown}
 p - a potion of invisibility {unknown}
Books
 c - a book of Battle

   Spells                             Type                      Level
   a - Infusion                       Charms                       1
   b - Shroud of Golubria             Charms/Translocation         2
   c - Song of Slaying                Charms                       2
   d - Spectral Weapon                Hexes/Charms                 3
   e - Regeneration                   Charms/Necromancy            3
Comestibles
 b - 2 fruits
 d - 2 bread rations


   Skills:
 + Level 2.4(1.2) Fighting
 + Level 2.5(1.2) Polearms
 + Level 1.7(0.5) Armour
 + Level 2.1(0.9) Dodging
 + Level 0.4(0.0) Stealth
 + Level 2.2(1.0) Spellcasting
 + Level 3.1(1.9) Charms


You had 6 spell levels left.
You knew the following spells:

 Your Spells              Type           Power        Failure   Level  Hunger
a - Infusion              Chrm           #...         26%         1    ##.....


Dungeon Overview and Level Annotations

Branches:
Dungeon (3/15)

Altars:


Innate Abilities, Weirdness & Mutations

When hurt, damage is shared between your health and your magic reserves.
You regenerate magic rapidly.


Message History

The adder is moderately wounded.
The adder barely misses you. The orc hits you but does no damage.
The orc barely misses you. The orc hits you with a flail.
* * * LOW HITPOINT WARNING * * *
You barely miss the adder.
The adder is moderately wounded.
The adder barely misses you. The orc barely misses you.
The orc hits you but does no damage.
You closely miss the adder.
The adder is moderately wounded.
The adder bites you.
* * * LOW HITPOINT WARNING * * *
The orc barely misses you. The adder bites you but does no damage.
The orc hits you with a hand axe.
* * * LOW HITPOINT WARNING * * *
The orc hits you with a flail.
* * * LOW HITPOINT WARNING * * *
* * * LOW HITPOINT WARNING * * *
You feel sick. The orc hits you with a flail.
You die...

#.......#
#..........#
#######.#
#..........#
#######.#
###...?......##
........#
..........?...
..#######
#..........#
..#
#..........#
#.#
#..)So.....#
#.#
#..o.o.....#
#.#
###.@..#+###
#.# #....# #.#
#....# #.#
#....# .#
#....# #....#
#....# ####.#
####.#


You could see an adder and 3 orcs.

Vanquished Creatures
  2 adders
  A worm (D:3)
  2 dart slugs
  2 leopard geckos
  An orc (D:3)
  5 giant cockroaches
  9 hobgoblins
  7 jackals
  4 kobolds
  A quokka (D:2)
  A ball python (D:3)
  6 bats
  5 frilled lizards
  8 goblins
  3 rats
57 creatures vanquished.

Notes
Turn   | Place    | Note
-------+----------+-------------------------------------------
     0 | D:1      | Jukra the Demonspawn Skald began the quest for the Orb.
     0 | D:1      | Reached XP level 1. HP: 16/16 MP: 3/3
   122 | D:1      | Reached skill level 1 in Armour
   147 | D:1      | Gained mutation: When hurt, damage is shared between your health and your magic reserves. [demonic ancestry]
   147 | D:1      | Reached XP level 2. HP: 14/22 MP: 5/5
   172 | D:1      | Reached skill level 3 in Charms
   827 | D:1      | Reached XP level 3. HP: 28/28 MP: 6/6
  1836 | D:2      | Found a faded altar of an unknown god.
  2261 | D:3      | Gained mutation: You regenerate magic rapidly. [demonic ancestry]
  2261 | D:3      | Reached XP level 4. HP: 29/34 MP: 5/7
  2760 | D:3      | HP: 1/34 [poisoned by an adder]
  2760 | D:3      | Slain by an orc

Skill      XL: |  1  2  3 |
---------------+----------+-----
Armour         | 1 |  1.7
Charms         | 3 |  3.1
Polearms       | 2 |  2.5
Dodging        | 2 |  2.1
Fighting       | |  2.4
Stealth        | |  0.4
Spellcasting   | |  2.2

Action                   |  1- 3 |  4- 6 || total
-------------------------+-------+-------++-------
Melee: Spear             |   198 |    58 ||   256
 Cast: Infusion          |     6 |     2 ||     8
 Stab: Sleeping          |     2 |       ||     2
  Eat: Bread ration      |     1 |       ||     1
       Fruit             |       |     4 ||     4
       Royal jelly       |       |     1 ||     1
Armor: Leather armour    |    12 |       ||    12
       Ring mail         |    64 |    33 ||    97
       Chain mail        |    24 |       ||    24
Dodge: Dodged            |    87 |    50 ||   137
